AoeStats
← 放羊老汉

Coastal Forest

510446208Analyzed
4v4 RM · 17h ago on Oct 1, 2026· 16m 2s· 8 players
Game mode
Random Map
Map size
Large (8 player)
Population
200
Speed
Normal
Resources
Standard
Victory
Conquest
Starting age
Dark Age
Ending age
Imperial Age
RankedLock teamsTeams togetherTeam positionsShared explorationLock speedFull tech treeHidden civsTurbo modeCheats
Victory
Defeat
🇨🇴 Khmer · Colombia
1323
+13
🇺🇸 Huns · United States
1168
+19
🇲🇽 Varangians · Mexico
1151
+20
🇨🇴 Saracens · Colombia
1150
+20
🇭🇰 Italians · Hong Kong SAR China
1286
-19
🇲🇽 Portuguese · Mexico
1244
-18
🇮🇳 Magyars · India
1233
-18
🇨🇴 Teutons · Colombia
1216
-17
b² - 4ac
11:18 Feudal Age
16:10 Castle Age
NUR
8:17 Loom
10:25 Feudal Age
12:28 Bloodlines
12:56 Horse Collar
hargir
2:53 Loom
10:41 Feudal Age
11:37 Double-Bit Axe
放羊老汉
9:11 Loom
11:49 Feudal Age
12:29 Horse Collar
12:36 Double-Bit Axe
12:55 Fishing Lines
Kriptico
7:28 Loom
9:58 Feudal Age
12:15 Double-Bit Axe
sirmanuelini
10:14 Feudal Age
8:33 Loom
10:19 Feudal Age
15:23 Castle Age
ELEG VACASADA
6:48 Loom
9:25 Feudal Age
11:04 Double-Bit Axe
12:42 Bloodlines
16:39 Wheelbarrow
ELEG | KYNBA
9:20 Feudal Age
9:50 Double-Bit Axe
11:24 Bloodlines
15:08 Scale Barding Armor
Connection lost

Rejoining the realm…

Still unreachable

The connection could not be restored.

Session expired

The server has moved on; the page needs a fresh start.